 Dungeon Crawl Stone Soup version 0.29-a0-344-ge2f44be95a (webtiles) character file.

Game seed: 14248773228148921434

60 sammy202020 the Skirmisher (level 3, -6/29 HPs)
             Began as a Demonspawn Berserker on Apr 22, 2022.
             Was a Believer of Trog.
             Splashed by a jelly's acid (10 damage)
             ... on level 2 of the Dungeon.
             The game lasted 00:02:34 (1948 turns).

sammy202020 the Skirmisher (Demonspawn Berserker)   Turns: 1948, Time: 00:02:36

Health: -6/29      AC:  2    Str: 17    XL:     3   Next: 80%
Magic:  3/3        EV: 10    Int: 10    God:    Trog [**....]
Gold:   121        SH:  0    Dex: 12    Spells: 2/2 levels left

rFire   . . .      SeeInvis .   a - +0 hand axe
rCold   . . .      Faith    .   (no shield)
rNeg    . . .      Spirit   .   h - +0 scale mail
rPois   .          Reflect  .   (no helmet)
rElec   .          Harm     .   (no cloak)
rCorr   .          Rampage  .   (no gloves)
Will    .....                   (no boots)
Stlth   ..........              (no amulet)
HPRegen 0.09/turn               (no ring)
MPRegen 0.08/turn               (no ring)

@: corroded
A: demonic touch 2
a: Renounce Religion, Berserk, Trog's Hand


You were on level 2 of the Dungeon.
You worshipped Trog.
Trog was pleased with you.
You visited 1 branch of the dungeon, and saw 2 of its levels.

You collected 121 gold pieces.

Inventory:

Hand Weapons
 a - a +0 hand axe (weapon)
Missiles
 m - 2 poisoned darts (quivered)
Armour
 h - a +0 scale mail (worn)
Scrolls
 b - a scroll of enchant weapon {unknown}
 c - a scroll of brand weapon {unknown}
 e - a scroll of identify {unknown}
 f - a scroll of holy word {unknown}
 i - a scroll of enchant armour {unknown}
 j - a scroll of acquirement {unknown}
 l - a scroll of teleportation {unknown}
 n - 3 scrolls of vulnerability {unknown}
Potions
 d - a potion of curing {unknown}
 g - a potion of attraction {unknown}
 k - a potion of brilliance {unknown}


   Skills:
 * Level 3.5 Fighting
 * Level 3.2 Axes
 + Level 2.2 Armour
 - Level 2.0 Dodging
 * Level 1.1 Unarmed Combat


You had 2 spell levels left.
You didn't know any spells.
Your spell library was empty.

Dungeon Overview and Level Annotations

Branches:
Dungeon (2/15)

Altars:
Trog


Innate Abilities, Weirdness & Mutations

Your touch may inflict irresistible damage on your foes.


Message History

Found four items.
The jelly quivers.
The endoplasm quivers. x7
There is an open door here.
You hit the endoplasm.
The endoplasm is heavily wounded.
The endoplasm hits you but does no damage.
The endoplasm closely misses you. The endoplasm freezes you.
You are frozen.
The endoplasm hits the fungus.
The fungus begins to die.
The endoplasm hits the fungus.
The fungus begins to die.
Something hits the fungus.
You hit the endoplasm but do no damage.
The endoplasm is heavily wounded.
The endoplasm freezes you.
You are frozen.
Something hits the fungus.
The jelly hits the fungus.
The fungus is splashed with acid!
The endoplasm hits the fungus.
Something hits the fungus.
You slash the endoplasm!
You kill the endoplasm!
Trog accepts your kill.
A nearby fungus withers and dies.
The endoplasm hits the fungus.
You hit the endoplasm but do no damage.
You touch the endoplasm.
The endoplasm is severely wounded.
A nearby fungus withers and dies.
The endoplasm hits you but does no damage.
You slash the endoplasm!
You kill the endoplasm!
Trog accepts your kill.
You hit the jelly.
Your hands burn!
The jelly is moderately wounded.
The jelly hits you.
You are splashed with acid!
* * * LOW HITPOINT WARNING * * *
You hit the jelly.
Your hands burn!
* * * LOW HITPOINT WARNING * * *
You touch the jelly.
The jelly is severely wounded.
The jelly hits you.
* * * LOW HITPOINT WARNING * * *
The acid corrodes you!
You are splashed with acid!
You die...

.....# ##############.# ...#.#
### #.# .>...#
#######.##.....(##.#
.....####....#.#.#÷.....##.#
...#..##.....#.#.#÷J....##.# ##
...#..').....#'#.#JJP.P.##.# #.
...#..').......#)#.÷....##.# #.
...#..'........#.#.÷.÷..##.# #.
...#..##.......#@#..J...##.# #.
)..#..###......##JJJ..P.##.# #.
...#..############J.÷.÷.##.# ##
.......####### ########.#
.....#.......# ##########.#
.....#######.............#.######
.....# #########...#....# .....#
##..#....# ###### #..#....#


You could see 2 jellies and 2 endoplasms.

Vanquished Creatures
  An adder (D:2)
  2 dart slugs (D:1)
  5 ball pythons
  2 endoplasms (D:2)
  A giant cockroach (D:1)
  2 goblins
  8 hobgoblins
  2 quokkas
  6 bats
  2 frilled lizards
  11 kobolds
  3 rats (D:1)
45 creatures vanquished.

Vanquished Creatures (others)
  2 fungi (D:2)
  12 toadstools (D:2)
14 creatures vanquished.

Grand Total: 59 creatures vanquished

Notes
Turn   | Place    | Note
-------+----------+-------------------------------------------
     0 | D:1      | sammy202020 the Demonspawn Berserker began the quest for
                  | the Orb.
     0 | D:1      | Reached XP level 1. HP: 18/18 MP: 1/1
   414 | D:1      | Gained mutation: Your touch may inflict minor irresistible
                  | damage on your foes. [demonic ancestry]
   414 | D:1      | Reached XP level 2. HP: 20/24 MP: 2/2
   703 | D:1      | Found a faded altar of an unknown god.
  1193 | D:2      | Gained mutation: Your touch may inflict irresistible damage
                  | on your foes. [demonic ancestry]
  1193 | D:2      | Reached XP level 3. HP: 29/29 MP: 3/3
  1217 | D:2      | Found a bloodstained altar of Trog.
  1861 | D:2      | Reached skill level 1 in Unarmed Combat
  1884 | D:2      | Reached ** piety under Trog
  1948 | D:2      | Splashed by a jelly's acid

Illustrated notes

Levels and vault maps discovered:
D:1:      shiori_arrival_maze, layout_loops_cross,
          shapermc_ecumenical_altar_rom_forum
D:2:      cheibrodos_fertilizer, layout_basic, basic_altar, serial_shops, shop,
          kennysheep_generic_room_15

Skill      XL: |  1  2  3 |
---------------+----------+-----
Armour         | 2 |  2.2
Dodging        | 2 |  2.0
Axes           | 3 |  3.2
Unarmed Combat | 1 |  1.1
Fighting       | |  3.5

Action                   || total
-------------------------++-------
Melee: Hand axe          ||   107
       Punch             ||     1
       Touch             ||    16
Armor: Ring mail         ||    28
       Scale mail        ||    25
Dodge: Dodged            ||    59

Table legend: (Time is in decaauts)
 A = Elapsed time spent in this place.
 B = Non-inter-level travel time spent in this place.
 C = Inter-level travel time spent in this place.
 D = Time resting spent in this place.
 E = Time spent auto-exploring this place.
 F = Levels seen in this place.
 G = Mean time per level.
                   A        B        C        D        E       F      G
               +--------+--------+--------+--------+--------+-----+--------+
         Total |   1964 |   1914 |     50 |      0 |   1605 |   2 |  982.0 |
       Dungeon |   1964 |   1914 |     50 |      0 |   1605 |   2 |  982.0 |
               +--------+--------+--------+--------+--------+-----+--------+

Top non-repeatable levels by time:
     D:1: 1125 daAuts
     D:2: 838 daAuts
